 Dungeon Crawl Stone Soup version 0.21-a0-8-gcf94df6 (webtiles) character file.

111968 Rrauwl the Bludgeoner (level 16, -4/158 HPs)
             Began as a Troll Berserker on May 23, 2017.
             Was the Champion of Trog.
             Succumbed to poison (poison gas)
             ... on level 4 of the Swamp.
             The game lasted 02:06:17 (27510 turns).

Rrauwl the Bludgeoner (Troll Berserker)            Turns: 27510, Time: 02:06:17

Health: -4/158     AC: 11    Str: 35    XL:     16   Next: 10%
Magic:  17/17      EV: 16    Int:  6    God:    Trog [******]
Gold:   2125       SH:  4    Dex: 13    Spells: 15/15 levels left

rFire    + . .     SeeInvis .   b - +6 giant spiked club "Hollut" {crush, Int+3}
rCold    . . .     Gourm    +   (shield currently unavailable)
rNeg     + . .     Faith    +   I - +0 troll leather armour
rPois    .         Spirit   .   r - +2 hat
rElec    +         Reflect  .   u - scarf of Compression {rElec rF+ Dex+2}
rCorr    +         Harm     .   (gloves unavailable)
MR       +....     Rnd*Rage +   (boots unavailable)
Stlth    +.........             q - amulet of faith
Regen    1.2/turn               g - ring of positive energy
MPRegen  0.2/turn               P - ring of resist corrosion

@: mighty, lethally poisoned (-4 -> -164), very slightly contaminated, hasted
and slowed
A: unfitting armour, claws 3, hooves 1, horns 1, large bone plates 1, berserk 1,
dopey 1, fast metabolism 3, gourmand, mutation resistance 2, regeneration 1,
shaggy fur 2, tough skin 2, wild magic 1
a: Berserk, Trog's Hand, Brothers in Arms, Burn Spellbooks, Renounce Religion


You were on level 4 of the Swamp.
You worshipped Trog.
Trog was exalted by your worship.
You were not hungry.

You visited 5 branches of the dungeon, and saw 28 of its levels.
You also visited: Ice Cave.

You collected 3210 gold pieces.
You spent 1085 gold pieces at shops.

Inventory:

Hand Weapons
 a - a +3 giant spiked club of crushing
 b - the +6 giant spiked club "Hollut" (weapon) {crush, Int+3}
   (Trog gifted it to you on level 1 of the Lair of Beasts)

   It inflicts extra damage upon your enemies.
   It affects your intelligence (+3).
 c - a +0 giant spiked club of crushing
 h - the +5 giant spiked club "Mowy" {chaos, *Slow rPois MR+ Stlth+}
   (Trog gifted it to you on level 1 of the Swamp)

   Each time it hits an enemy it has a different, random effect.
   It protects you from poison.
   It affects your resistance to hostile enchantments.
   It may slow you when you take damage.
   It makes you more stealthy.
Missiles
 o - 3 large rocks (quivered)
Armour
 f - +0 fire dragon scales
 r - a +2 hat (worn)
 u - the scarf of Compression (worn) {rElec rF+ Dex+2}
   (You acquired it on level 1 of the Orcish Mines)

   It affects your dexterity (+2).
   It protects you from fire.
   It insulates you from electricity.
 I - a +0 troll leather armour (worn)
Jewellery
 g - a ring of positive energy (left claw)
 j - an uncursed ring of protection from magic
 q - an amulet of faith (around neck)
 P - a ring of resist corrosion (right claw)
Wands
 l - a wand of acid (15/15)
 v - a wand of iceblast (4/15)
 D - a wand of iceblast (9/15)
 H - a wand of confusion (37/48)
 O - a wand of clouds (2/9)
Scrolls
 i - 11 scrolls of remove curse
 p - 2 scrolls of fear
 t - 3 scrolls of fog
 w - 6 scrolls of teleportation
 y - 5 scrolls of blinking
 C - 4 scrolls of enchant armour
 F - 15 scrolls of identify
 K - 2 scrolls of holy word
 L - 2 scrolls of magic mapping
Potions
 d - 2 potions of ambrosia
 e - 2 potions of resistance
 s - 6 potions of curing
 x - 4 potions of flight
 A - a potion of haste
 B - a potion of lignification
 G - 4 potions of might
 Q - a potion of invisibility
Miscellaneous
 m - a box of beasts
 n - a phantom mirror
 E - a phial of floods
Comestibles
 k - 10 royal jellies


   Skills:
 - Level 10.0 Fighting
 - Level 20.0 Maces & Flails
 - Level 6.0 Armour
 - Level 12.1 Dodging
 + Level 3.6 Evocations


You had 15 spell levels left.
You didn't know any spells.

Dungeon Overview and Level Annotations

Branches:
Dungeon (15/15)            Temple (1/1) D:7            Lair (6/6) D:8
  Swamp (4/4) Lair:4       Spider (0/4) Lair:4        Slime (0/5) Lair:6
    Orc (2/2) D:9             Elf (0/3) Orc:2        Vaults (0/5) D:13
 Depths (0/5) D:15

Altars:
Ashenzari
Cheibriados
Dithmenos
Elyvilon
Fedhas
Gozag
Hepliaklqana
Kikubaaqudgha
Makhleb
Nemelex Xobeh
Okawaru
Qazlal
Ru
Sif Muna
Trog
Uskayaw
Vehumet
Wu Jian
Xom
Yredelemnul
Zin
The Shining One
Beogh
Jiyva

Shops:
D:8 *   D:9 ([   Orc:1 ?   Orc:2 :?:?


Innate Abilities, Weirdness & Mutations

You are too large for most types of armour.
You have claws for hands.
Your metabolism is lightning-fast.
You like to eat raw meat.
Your natural rate of healing is unusually fast.
You are covered in thick fur. (AC +2)
You have very tough skin. (AC +2)
You have large cloven feet.
You have a pair of small horns on your head.
You are partially covered in large bone plates. (SH +4)
You tend to lose your temper in combat.
You are dopey. (Int -2)
You are somewhat resistant to both further mutation and mutation removal.
Your spells are a little harder to cast, but a little more powerful.


Message History

You are engulfed in poison gas.
You are more poisoned.
* * * LOW HITPOINT WARNING * * *
x2 You feel very sick.
The vampire mosquito misses you.
You hammer the vampire mosquito like a gong!!!
You feel the power of Trog in you as your rage grows.
You destroy the vampire mosquito!
Trog accepts your kill.
* * * LOW HITPOINT WARNING * * *
You feel very sick.
Unknown command.
You are too berserk!
* * * LOW HITPOINT WARNING * * *
You feel very sick.
You feel a strong urge to attack something.
You are no longer berserk.
You are exhausted.
You feel yourself slow down.
You die...

♣♣.♣.♣♣♣♣♣♣♣
♣.≈....≈≈≈≈♣
♣♣.♣.≈.≈≈≈≈♣
♣♣..≈.#≈≈≈#
♣♣♣≈..≈≈≈≈≈♣
♣♣.♣....≈≈♣≈♣
♣♣♣..≈≈≈♣≈≈♣♣
♣♣♣♣♣...≈≈.♣♣§#≈♣♣
♣.≈.≈≈≈≈≈≈.#§♣@≈≈♣
♣♣...≈≈≈≈≈≈≈.≈♣†#≈♣
♣♣≈..≈≈≈≈..≈.≈♣≈.≈≈♣♣#
♣≈.≈≈≈≈≈.♣♣♣♣♣♣≈≈♣♣.≈#
..†≈≈≈≈.♣♣ ♣♣≈≈♣♣)≈
≈.≈≈≈≈≈.♣ ♣.≈♣♣.###
..≈≈..≈♣♣
♣..§§DD.##≈≈≈ .≈≈.♣♣♣♣
♣..§§§§§y.... ≈≈♣♣♣
♣..≈...≈.#≈≈.


There were no monsters in sight!

Vanquished Creatures
  A thorn hunter (Swamp:2)
  A frost giant (IceCv)
  An orc warlord (D:9)
  A very ugly thing (Swamp:1)
  5 dire elephants (Lair:6)
  A yaktaur captain (D:13)
  2 fire dragons
  2 ghost crabs
  9 hydras
  Erica (D:8)
  An anaconda (Lair:6)
  7 two-headed ogres
  4 centaur warriors
  3 alligators
  3 orc high priests (Orc:2)
  4 spriggans
  Sonja (D:13)
  3 swamp dragons
  An unseen horror (D:10)
  2 spriggan druids
  A shambling mangrove (Swamp:3)
  3 deep elf magi (D:15)
  A lindwurm (Lair:3)
  3 orc sorcerers (Orc:2)
  5 orc knights (Orc:2)
  A necromancer (D:15)
  6 ugly things
  A manticore (D:15)
  A wolf spider zombie (D:15)
  A cyclops (D:14)
  14 elephants (Lair:6)
  A naga mage (D:15)
  A black mamba (Lair:4)
  15 spiny frogs
  3 gargoyles
  5 rime drakes
  A rime drake (shapeshifter) (D:13)
  2 yaktaurs (D:13)
  A tengu conjurer (D:15)
  6 komodo dragons
  A kobold demonologist (D:14)
  5 trolls
  5 jumping spiders (Lair:4)
  3 tyrant leeches
  17 polar bears
  10 hornets
  6 meliai
  8 hippogriffs
  Prince Ribbit (D:8)
  7 dream sheep (Lair:5)
  3 blink frogs (Lair:5)
  8 slime creatures
  8 bog bodies
  2 shadows
  3 redbacks (Lair:4)
  3 wyverns
  2 wraiths
  3 vampires
  2 basilisks
  46 yaks
  A human (D:12)
  3 hungry ghosts
  22 vampire mosquitoes
  16 swamp worms
  4 wargs
  8 porcupines
  11 water moccasins
  5 swamp drakes
  3 sky beasts
  3 black bears
  3 phantoms
  32 orc warriors
  3 necrophages (Swamp:1)
  8 ogres
  15 centaurs
  12 wolves (IceCv)
  2 big kobolds
  17 crocodiles
  21 bullfrogs
  A gnoll sergeant (D:7)
  A wyvern zombie (D:8)
  A wyvern skeleton (D:15)
  5 scorpions
  12 wights
  7 killer bees (D:9)
  An electric eel (Lair:2)
  4 howler monkeys
  A bullfrog zombie (D:7)
  6 crimson imps
  8 centaur zombies
  3 quasits
  16 orc priests
  4 jellies
  25 orc wizards
  10 hounds
  Jessica (D:3)
  5 centaur skeletons
  7 iguanas
  Natasha (twice) (D:3)
  11 worker ants
  A hound zombie (D:5)
  A hound skeleton (D:4)
  7 gnolls
  A howler monkey skeleton (D:11)
  15 adders
  5 shadow imps
  An ooze (D:1)
  An adder skeleton (D:10)
  5 worms
  3 leopard geckos
  85 orcs
  7 bats
  4 giant cockroaches
  6 goblins
  13 hobgoblins
  11 jackals
  5 quokkas
  A ball python skeleton (D:4)
  7 frilled lizards
  18 kobolds
  2 quokka skeletons
  10 rats
  4 plants (Lair:6)
801 creatures vanquished.

Vanquished Creatures (collateral kills)
  A catoblepas (Lair:2)
  A centaur warrior (D:13)
  An obsidian statue (D:15)
  5 ugly things
  An ice statue (IceCv)
  An efreet (D:13)
  3 polar bears (IceCv)
  3 yaks (IceCv)
  A centaur (D:10)
  5 wolves (IceCv)
  A crocodile (D:13)
  2 bullfrogs (Lair:2)
  2 killer bees (D:9)
27 creatures vanquished.

Vanquished Creatures (others)
  2 wolves (IceCv)
  5 fungi (Lair:6)
  9 plants (Lair:6)
16 creatures vanquished.

Grand Total: 844 creatures vanquished

Notes
Turn   | Place    | Note
-------+----------+-------------------------------------------
     0 | D:1      | Rrauwl the Troll Berserker began the quest for the Orb.
     0 | D:1      | Reached XP level 1. HP: 22/22 MP: 0/0
   141 | D:1      | Reached XP level 2. HP: 29/29 MP: 1/1
   454 | D:1      | Reached skill level 3 in Maces & Flails
   822 | D:2      | Reached XP level 3. HP: 33/36 MP: 2/2
   944 | D:2      | Reached ** piety under Trog
  1129 | D:2      | Found a faded altar of an unknown god.
  1157 | D:2      | Reached XP level 4. HP: 45/45 MP: 3/3
  1635 | D:3      | Noticed Natasha
  1640 | D:3      | Killed Natasha
  1872 | D:3      | Reached XP level 5. HP: 47/53 MP: 4/4
  2225 | D:3      | Noticed Jessica
  2230 | D:3      | Killed Jessica
  2231 | D:3      | Reached *** piety under Trog
  2377 | D:3      | Noticed Natasha
  2389 | D:3      | Killed Natasha
  2389 | D:3      | Reached skill level 4 in Maces & Flails
  2620 | D:4      | Noticed an ogre
  2628 | D:4      | Killed an ogre
  2628 | D:4      | Reached XP level 6. HP: 62/62 MP: 5/5
  3089 | D:4      | Reached skill level 1 in Armour
  3115 | D:4      | Reached XP level 7. HP: 33/70 MP: 6/6
  3486 | D:4      | Reached skill level 5 in Maces & Flails
  3690 | D:5      | Entered Level 5 of the Dungeon
  4448 | D:5      | Reached skill level 6 in Maces & Flails
  4452 | D:5      | Gained mutation: You are somewhat resistant to further mutation. [mutagenic meat]
  4455 | D:5      | Gained mutation: You are somewhat resistant to both further mutation and mutation removal. [mutagenic meat]
  4456 | D:5      | Gained mutation: You are frail. (-10% HP) [mutagenic meat]
  4551 | D:5      | Reached XP level 8. HP: 70/70 MP: 7/7
  4863 | D:5      | Reached **** piety under Trog
  4927 | D:6      | Reached skill level 7 in Maces & Flails
  5015 | D:6      | Reached skill level 8 in Maces & Flails
  5491 | D:7      | Reached skill level 9 in Maces & Flails
  5537 | D:7      | Reached XP level 9. HP: 75/75 MP: 8/8
  5653 | D:7      | Found a radiant altar of Vehumet.
  5895 | D:7      | Found a staircase to the Ecumenical Temple.
  5904 | Temple   | Entered the Ecumenical Temple
  6922 | D:8      | Noticed Erica
  6928 | D:8      | Killed Erica
  6928 | D:8      | Reached skill level 10 in Maces & Flails
  7081 | D:8      | Noticed Prince Ribbit
  7097 | D:8      | Killed Prince Ribbit
  7097 | D:8      | Reached skill level 11 in Maces & Flails
  7177 | D:8      | Reached ***** piety under Trog
  7362 | D:8      | Found a staircase to the Lair.
  7667 | D:8      | Found Ruczikil's General Store.
  7820 | D:9      | Reached XP level 10. HP: 82/82 MP: 9/9
  8045 | D:9      | Reached skill level 12 in Maces & Flails
  8105 | D:9      | Found Uzienack's Armour Emporium.
  8107 | D:9      | Found a staircase to the Orcish Mines.
  8109 | D:9      | Found Vefuetei's Weapon Emporium.
  8114 | D:9      | Noticed a two-headed ogre
  8124 | D:9      | Killed a two-headed ogre
  8184 | D:9      | Received a gift from Trog
  8259 | D:9      | HP: 4/82 [killer bee (6)]
  8264 | D:9      | HP: 4/82 [killer bee (6)]
  8425 | D:9      | Paralysed by a hornet for 1 turns
  8429 | D:9      | HP: 3/123 [hornet (12)]
  8434 | D:9      | HP: 2/82 [poisoned by a hornet]
  8439 | D:9      | HP: 3/82 [poisoned by a hornet]
  8725 | D:9      | Reached skill level 13 in Maces & Flails
  9277 | Lair:1   | Entered Level 1 of the Lair of Beasts
  9277 | Lair:1   | Noticed a six-headed hydra
  9348 | D:10     | Entered Level 10 of the Dungeon
  9673 | D:10     | Killed an unseen horror
  9896 | D:10     | Noticed a two-headed ogre
  9907 | D:10     | Killed a two-headed ogre
  9907 | D:10     | Reached skill level 14 in Maces & Flails
  9907 | D:10     | Reached XP level 11. HP: 40/90 MP: 10/10
 10255 | D:11     | Found a deep blue altar of Sif Muna.
 10441 | D:11     | Noticed a two-headed ogre
 10450 | D:11     | Killed a two-headed ogre
 10544 | D:11     | Noticed a brown ugly thing
 10560 | D:11     | Killed a brown ugly thing
 11235 | D:12     | Reached skill level 15 in Maces & Flails
 12088 | D:13     | Noticed a centaur warrior
 12096 | D:13     | Killed a centaur warrior
 12161 | D:13     | Noticed a centaur warrior
 12164 | D:13     | Killed a centaur warrior
 12164 | D:13     | Reached skill level 16 in Maces & Flails
 12341 | D:13     | Reached XP level 12. HP: 96/96 MP: 11/11
 12704 | D:13     | Noticed a yaktaur captain
 12707 | D:13     | Found a gate to the Vaults.
 12710 | D:13     | Killed a yaktaur captain
 12797 | D:13     | Noticed Sonja
 12884 | D:13     | Killed Sonja
 12884 | D:13     | Reached ****** piety under Trog
 13325 | Lair:1   | Killed a six-headed hydra
 13325 | Lair:1   | Reached skill level 17 in Maces & Flails
 13433 | Lair:1   | Received a gift from Trog
 13434 | Lair:1   | Got a pitted giant spiked club {god gift}
 13435 | Lair:1   | Identified the +6 giant spiked club "Hollut" {crush, Int+3} (Trog gifted it to you on level 1 of the Lair of Beasts)
 14226 | Lair:2   | Noticed a catoblepas
 14231 | Lair:2   | Killed a catoblepas
 14626 | Lair:2   | Found a frozen archway.
 14635 | IceCv    | Entered an ice cave
 14802 | IceCv    | Reached skill level 18 in Maces & Flails
 14927 | IceCv    | Reached XP level 13. HP: 91/102 MP: 12/12
 15046 | IceCv    | Received a gift from Trog
 15175 | IceCv    | Noticed a frost giant
 15188 | IceCv    | Killed a frost giant
 16442 | Lair:3   | Reached skill level 19 in Maces & Flails
 16747 | Lair:4   | Found a staircase to the Swamp.
 16978 | Lair:4   | Found a hole to the Spider Nest.
 17073 | Lair:4   | Reached skill level 5 in Fighting
 17474 | Lair:5   | Received a gift from Trog
 17753 | Lair:5   | Got a glittering marble ring
 17755 | Lair:5   | Identified the ring of the Townfolk {Fire Int+7 Stlth+} (You found it on level 5 of the Lair of Beasts)
 17957 | Lair:5   | Found a glowing golden altar of the Shining One.
 18386 | Lair:6   | Entered Level 6 of the Lair of Beasts
 18547 | Lair:6   | Found a viscous altar of Jiyva.
 18547 | Lair:6   | Found a staircase to the Slime Pits.
 18568 | Lair:6   | Reached XP level 14. HP: 114/114 MP: 13/13
 18615 | Lair:6   | Reached skill level 5 in Armour
 19016 | Lair:6   | Received a gift from Trog
 19164 | Lair:6   | Reached skill level 5 in Dodging
 19335 | Lair:6   | Reached skill level 1 in Evocations
 19630 | Lair:6   | Gained mutation: You have a pair of small horns on your head. [potion of mutation]
 20388 | D:14     | Reached skill level 20 in Maces & Flails
 20459 | D:14     | Gained mutation: You are dopey. (Int -2) [mutagenic meat]
 20461 | D:14     | Gained mutation: Your spells are a little harder to cast, but a little more powerful. [mutagenic meat]
 20464 | D:14     | Gained mutation: You are resistant to hostile enchantments. (MR+) [mutagenic meat]
 20465 | D:14     | Gained mutation: You tend to lose your temper in combat. [mutagenic meat]
 20502 | D:14     | Found a shattered altar of Ashenzari.
 20691 | D:14     | Received a gift from Trog
 20740 | D:14     | Found a shimmering altar of Xom.
 20742 | D:14     | Found a shadowy altar of Dithmenos.
 20742 | D:14     | Found a bloodstained altar of Trog.
 20744 | D:14     | Found a shadowy altar of Dithmenos.
 20744 | D:14     | Found a stormy altar of Qazlal.
 20744 | D:14     | Found a burning altar of Makhleb.
 20990 | D:15     | Entered Level 15 of the Dungeon
 21156 | D:15     | Lost mutation: You are frail. (-10% HP) [potion of mutation]
 21156 | D:15     | Lost mutation: You are resistant to hostile enchantments. (MR+) [potion of mutation]
 21661 | D:15     | Reached skill level 10 in Dodging
 21690 | D:15     | Gained mutation: You are covered in thick fur. (AC +2) [mutagenic meat]
 21693 | D:15     | Gained mutation: You have large cloven feet. [mutagenic meat]
 21694 | D:15     | Gained mutation: You are partially covered in large bone plates. (SH +4) [mutagenic meat]
 21725 | D:15     | Reached XP level 15. HP: 111/133 MP: 16/16
 21969 | D:15     | Received a gift from Trog
 21997 | D:15     | Found a staircase to the Depths.
 22277 | Orc:1    | Entered Level 1 of the Orcish Mines
 22286 | Orc:1    | Noticed an orc warlord
 22451 | D:9      | Killed an orc warlord
 22747 | Orc:1    | Found a roughly hewn altar of Beogh.
 22765 | Orc:1    | Found Kohuonn's Magic Scroll Emporium.
 22772 | Orc:1    | Bought a scroll of blinking for 105 gold pieces
 22772 | Orc:1    | Bought a scroll of blinking for 105 gold pieces
 22772 | Orc:1    | Bought a scroll of acquirement for 728 gold pieces
 22772 | Orc:1    | Bought a scroll of teleportation for 42 gold pieces
 22772 | Orc:1    | Bought a scroll of blinking for 105 gold pieces
 22779 | Orc:1    | Got a translucent scarf
 22790 | Orc:1    | Identified the scarf of Compression {rElec rF+ Dex+2} (You acquired it on level 1 of the Orcish Mines)
 22854 | Orc:2    | Entered Level 2 of the Orcish Mines
 22961 | Orc:2    | Found a staircase to the Elven Halls.
 23000 | Orc:2    | Received a gift from Trog
 23145 | Orc:2    | Found Guntis's Book Shop.
 23145 | Orc:2    | Found Veixavay's Magic Scroll Shoppe.
 23149 | Orc:2    | Found Ziolijou's Magic Scroll Shop.
 23149 | Orc:2    | Found Qutod's Book Shoppe.
 23734 | Orc:2    | Received a gift from Trog
 24590 | Swamp:1  | Entered Level 1 of the Swamp
 24814 | Swamp:1  | Received a gift from Trog
 24818 | Swamp:1  | Got a shimmering giant spiked club {god gift}
 24819 | Swamp:1  | Identified the +5 giant spiked club "Mowy" {chaos, *Slow rPois MR+ Stlth+} (Trog gifted it to you on level 1 of the Swamp)
 25376 | Swamp:1  | Found a shimmering altar of Xom.
 25558 | Swamp:2  | Noticed a thorn hunter
 25567 | Swamp:2  | Killed a thorn hunter
 26340 | Swamp:2  | Received a gift from Trog
 26418 | Swamp:2  | Paralysed by a hornet for 3 turns
 26723 | Swamp:3  | Reached skill level 10 in Fighting
 27171 | Swamp:3  | Reached XP level 16. HP: 158/158 MP: 17/17
 27204 | Swamp:4  | Entered Level 4 of the Swamp
 27508 | Swamp:4  | HP: 8/237 [poison (poison gas)]
 27509 | Swamp:4  | HP: 2/237 [poison (poison gas)]
 27510 | Swamp:4  | Succumbed to poison (poison gas)

Vault maps used:
D:1:      nicolae_arrival_memento_mori
D:2:      chequers_ecumenical_altar_island, minmay_cupped
D:3:      uniq_jessica, uniq_natasha
D:4:      first_bread
D:7:      kennysheep_six_static_rooms, vehumet_altar_wand_db,
          minmay_temple_entry_statues_fountains, kennysheep_windowed_goal
D:8:      lair_entry_dummy, serial_shops, shop, uniq_prince_ribbit1, uniq_erica
D:9:      orc_david_3
D:11:     basic_altar
D:12:     grunt_livestock
D:13:     david_vaults_2, uniq_sonja
D:14:     nicolae_ashenzari_panopticon, doesnt_xom_only_xom
D:15:     grunt_enter_depths_magical_seal, serial_park_gazebo, minivault_16
Temple:   minmay_crystal_snake_temple
Lair:1:   grunt_megastairs_4, lemuel_fruit_tree
Lair:2:   portal_ice_cave_entry_pillars_1, beast_lair_carwin_10,
          infiniplex_staircase_pool_2, grunt_megastairs_5, serial_bayou_shore_a
Lair:3:   serial_bayou_shore_b
Lair:4:   minmay_swamp_entry_worms, nicolae_spider_entry_tight_spaces,
          lemuel_fruit_fields
Lair:5:   lemuel_centaur_altar, grunt_megastairs_1, lemuel_fruit_fields
Lair:6:   due_jungle_book, dpeg_slime_entry_enclosed_altar
Swamp:1:  nicolae_swamp_godswood, swamp_pool4, roderic_carrion_pond
Swamp:2:  evilmike_swamp_ruin_house_1
Swamp:3:  evilmike_swamp_ruin_house_4, swamp_pool3
Swamp:4:  swamp_old_school
Orc:1:    basic_altar, serial_shops, shop_fountains
Orc:2:    grunt_orc_tribal_feast, guppyfry_library_mini
IceCv:    ice_cave_caverns_02

Skill      XL: |  1  2  3  4  5  6  7  8  9 10 11 12 13 14 15 16 |
---------------+-------------------------------------------------+-----
Maces & Flails | 3 4 6 9 11 14 16 18 19 20 | 20.0
Fighting       | 3 4 5 10 | 10.0
Dodging        | 3 4 10 12 | 12.1
Armour         | 1 3 4 5 6 |  6.0
Evocations     | 3 |  3.6

Action                   |  1- 3 |  4- 6 |  7- 9 | 10-12 | 13-15 | 16-18 || total
-------------------------+-------+-------+-------+-------+-------+-------++-------
Melee: Mace              |   112 |   196 |       |       |       |       ||   308
       Giant spiked club |       |    15 |   150 |   432 |  1076 |    44 ||  1717
       Flail             |       |       |   229 |    52 |       |       ||   281
       Great mace        |       |       |       |   178 |       |       ||   178
       Headbutt          |       |       |       |       |   168 |    10 ||   178
       Kick              |       |       |       |       |   175 |    18 ||   193
Throw: Throwing net      |       |       |       |       |     1 |       ||     1
Invok: Berserk           |     2 |     5 |    13 |    33 |    32 |     2 ||    87
       Burn Spellbooks   |       |       |     2 |     1 |     9 |       ||    12
       Trog's Hand       |       |       |       |     4 |     4 |       ||     8
       Brothers in Arms  |       |       |       |     7 |     5 |       ||    12
Evoke: Wand              |       |       |       |     5 |     5 |       ||    10
  Use: Scroll            |       |       |    15 |     9 |    12 |     1 ||    37
       Potion            |       |       |    10 |     8 |     4 |     7 ||    29
 Stab: Sleeping          |     2 |       |       |       |       |       ||     2
       Invisible         |       |       |       |     2 |       |       ||     2
  Eat: Chunk             |    13 |    23 |    53 |   124 |   157 |     5 ||   375
       Fruit             |       |       |     2 |       |       |     4 ||     6
       Meat ration       |       |       |     2 |       |       |       ||     2
Armor: Animal skin       |    48 |    64 |   109 |   136 |       |       ||   357
       Skin              |       |       |       |    13 |       |       ||    13
       Troll leather arm |       |       |       |   119 |   282 |    18 ||   419
Dodge: Dodged            |    54 |    70 |   204 |   416 |   530 |    53 ||  1327
Block: Shield            |    27 |    78 |       |       |       |       ||   105
       Other             |       |       |       |       |    70 |    13 ||    83
